2966 views
Uploaded 2020-01-01 20:52:28
Game version 1.32.0.4
24:10 long 3on3 ladder game on (6)RollingHills
Saved by BEARAND
2966 views
Uploaded 2020-01-01 20:52:28
Game version 1.32.0.4
24:10 long 3on3 ladder game on (6)RollingHills


54 units @ 5.3k
/ 0.4k
222 buildings @ 10.2k
/ 5.5k
ChuckleMan
(103)
(24:03) : 


| Lesser Clarity Potion | 3 | 210 |
| Staff of Sanctuary | 3 | 750 |
| Boots of Speed | 3 | 750 |
| Staff of Teleportation | 3 | 450 |
| Periapt of Vitality | 1 | 325 |
| Healing Salve | 4 | 400 |
| Orb of Lightning | 3 | 1125 |
| total: | 20 | 4010g |
| Peasant | 14 | 1050 | / | 0 |
| Sorceress | 2 | 310 | / | 40 |
| Priest | 2 | 270 | / | 20 |
| Goblin Shredder | 1 | 375 | / | 100 |
| Goblin Zeppelin | 1 | 240 | / | 60 |
| total: | 20 | 2245g | / | 220w |
| Scout Tower | 65 | 1950 | / | 1300 |
| Arcane Tower | 3 | 210 | / | 150 |
| Guard Tower | 14 | 980 | / | 700 |
| Altar of Kings | 1 | 180 | / | 50 |
| Farm | 6 | 480 | / | 120 |
| Lumber Mill | 1 | 120 | / | 0 |
| Arcane Vault | 1 | 130 | / | 30 |
| Town Hall | 1 | 385 | / | 205 |
| Arcane Sanctum | 2 | 300 | / | 280 |
| Keep | 2 | 640 | / | 420 |
| Castle | 2 | 720 | / | 420 |
| total: | 77 | 3545g | / | 1985w |
| 0:03 | Peasant |
| 0:03 | Peasant |
| 0:06 | Altar of Kings |
| 0:09 | Farm |
| 0:21 | Peasant |
| 0:32 | Peasant |
| 0:41 | Farm |
| 0:47 | Peasant |
| 1:11 | Peasant |
| 1:27 | Scout Tower |
| 1:33 | Peasant |
| 1:37 | Lumber Mill |
| 1:39 | Peasant |
| 1:39 | Peasant |
| 1:52 | Farm |
| 1:55 | Arcane Tower |
| 1:57 | Scout Tower |
| 2:04 | Scout Tower |
| 2:05 | Flame Strike |
| 2:26 | Peasant |
| 2:26 | Peasant |
| 2:28 | Peasant |
| 2:31 | Arcane Tower |
| 2:38 | Peasant |
| 2:41 | Improved Masonry |
| 2:47 | Scout Tower |
| 2:56 | Peasant |
| 3:03 | Guard Tower |
| 3:07 | Scout Tower |
| 3:28 | Guard Tower |
| 3:46 | Guard Tower |
| 3:51 | Scout Tower |
| 3:56 | Keep |
| 4:19 | Scout Tower |
| 4:20 | Scout Tower |
| 4:21 | Guard Tower |
| 4:24 | Scout Tower |
| 5:13 | Guard Tower |
| 5:17 | Scout Tower |
| 5:18 | Scout Tower |
| 5:18 | Scout Tower |
| 5:37 | Scout Tower |
| 5:48 | Guard Tower |
| 5:51 | Guard Tower |
| 5:53 | Scout Tower |
| 5:54 | Scout Tower |
| 5:54 | Scout Tower |
| 5:56 | Scout Tower |
| 6:13 | Arcane Tower |
| 6:25 | Boots of Speed |
| 6:27 | Boots of Speed |
| 6:37 | Staff of Teleportation |
| 6:48 | Lesser Clarity Potion |
| 6:49 | Healing Salve |
| 7:08 | Farm |
| 7:16 | Arcane Sanctum |
| 7:20 | Arcane Sanctum |
| 7:23 | Arcane Vault |
| 7:25 | Farm |
| 7:54 | Castle |
| 7:58 | Farm |
| 8:38 | Town Hall |
| 9:07 | Siphon Mana |
| 9:14 | Guard Tower |
| 9:26 | Healing Salve |
| 10:24 | Advanced Masonry |
| 10:27 | Magic Sentry |
| 10:28 | Sorceress Adept Training |
| 10:53 | Rain of Fire |
| 10:59 | Boots of Speed |
| 11:07 | Blizzard |
| 11:10 | Staff of Teleportation |
| 12:27 | Goblin Shredder |
| 12:28 | Goblin Zeppelin |
| 12:35 | Scout Tower |
| 12:36 | Scout Tower |
| 12:37 | Scout Tower |
| 12:37 | Scout Tower |
| 12:40 | Scout Tower |
| 12:41 | Scout Tower |
| 12:42 | Scout Tower |
| 12:43 | Scout Tower |
| 12:43 | Scout Tower |
| 12:44 | Scout Tower |
| 12:44 | Scout Tower |
| 12:47 | Scout Tower |
| 13:01 | Healing Salve |
| 13:17 | Guard Tower |
| 13:29 | Staff of Teleportation |
| 13:30 | Periapt of Vitality |
| 13:41 | Imbued Masonry |
| 13:43 | Guard Tower |
| 14:22 | Keep |
| 14:45 | Orb of Lightning |
| 14:46 | Lesser Clarity Potion |
| 14:47 | Healing Salve |
| 14:57 | Staff of Sanctuary |
| 15:03 | Sorceress Master Training |
| 15:03 | Sorceress |
| 15:05 | Priest Adept Training |
| 15:05 | Priest |
| 15:56 | Staff of Sanctuary |
| 16:50 | Orb of Lightning |
| 16:51 | Lesser Clarity Potion |
| 16:57 | Priest |
| 17:31 | Scout Tower |
| 17:31 | Scout Tower |
| 17:33 | Scout Tower |
| 17:33 | Scout Tower |
| 17:34 | Scout Tower |
| 17:35 | Scout Tower |
| 17:35 | Scout Tower |
| 17:36 | Scout Tower |
| 17:36 | Scout Tower |
| 17:37 | Scout Tower |
| 17:37 | Scout Tower |
| 17:38 | Scout Tower |
| 17:40 | Scout Tower |
| 17:41 | Scout Tower |
| 18:17 | Guard Tower |
| 18:57 | Guard Tower |
| 18:59 | Scout Tower |
| 19:01 | Scout Tower |
| 19:03 | Scout Tower |
| 19:07 | Scout Tower |
| 19:08 | Scout Tower |
| 19:08 | Scout Tower |
| 19:11 | Scout Tower |
| 19:12 | Scout Tower |
| 19:12 | Scout Tower |
| 19:16 | Scout Tower |
| 19:59 | Castle |
| 20:00 | Guard Tower |
| 20:17 | Guard Tower |
| 20:32 | Orb of Lightning |
| 20:43 | Scout Tower |
| 20:43 | Scout Tower |
| 20:44 | Scout Tower |
| 20:44 | Scout Tower |
| 20:44 | Scout Tower |
| 20:45 | Scout Tower |
| 20:45 | Scout Tower |
| 20:45 | Scout Tower |
| 20:45 | Scout Tower |
| 20:46 | Scout Tower |
| 20:46 | Scout Tower |
| 20:46 | Scout Tower |
| 21:00 | Staff of Sanctuary |
| 21:26 | Sorceress |
| 24:03 | Flame Strike |
| Right click | 1138 |
| Select | 276 |
| Select group | 262 |
| Build/train/purchase | 120 |
| Use ability | 73 |
| Misc. action | 34 |
| Resource trade | 28 |
| Assign group | 25 |
| Item give/drop | 16 |
| Esc | 3 |
| Remove unit | 2 |



| Staff of Sanctuary | 3 | 750 |
| Potion of Healing | 3 | 450 |
| Lesser Clarity Potion | 1 | 70 |
| Staff of Teleportation | 4 | 600 |
| Boots of Speed | 3 | 750 |
| Periapt of Vitality | 1 | 325 |
| Circlet of Nobility | 1 | 175 |
| Healing Salve | 3 | 300 |
| Orb of Lightning | 2 | 750 |
| total: | 21 | 4170g |
| Peasant | 14 | 1050 | / | 0 |
| Priest | 2 | 270 | / | 20 |
| total: | 16 | 1320g | / | 20w |
| Scout Tower | 122 | 3660 | / | 2440 |
| Guard Tower | 56 | 3920 | / | 2800 |
| Arcane Tower | 4 | 280 | / | 200 |
| Altar of Kings | 1 | 180 | / | 50 |
| Farm | 6 | 480 | / | 120 |
| Lumber Mill | 1 | 120 | / | 0 |
| Arcane Vault | 2 | 260 | / | 60 |
| Arcane Sanctum | 1 | 150 | / | 140 |
| Keep | 1 | 320 | / | 210 |
| Castle | 1 | 360 | / | 210 |
| total: | 133 | 4850g | / | 2810w |
| 0:03 | Peasant |
| 0:08 | Altar of Kings |
| 0:19 | Farm |
| 0:21 | Peasant |
| 0:21 | Peasant |
| 0:21 | Peasant |
| 0:43 | Farm |
| 0:46 | Peasant |
| 1:07 | Lumber Mill |
| 1:18 | Peasant |
| 1:36 | Peasant |
| 2:01 | Scout Tower |
| 2:05 | Scout Tower |
| 2:09 | Blizzard |
| 2:12 | Peasant |
| 2:12 | Peasant |
| 2:12 | Peasant |
| 2:23 | Scout Tower |
| 2:27 | Scout Tower |
| 2:28 | Scout Tower |
| 2:30 | Peasant |
| 2:39 | Peasant |
| 2:41 | Guard Tower |
| 2:54 | Scout Tower |
| 2:55 | Scout Tower |
| 2:56 | Peasant |
| 2:58 | Guard Tower |
| 3:02 | Guard Tower |
| 3:05 | Scout Tower |
| 3:06 | Scout Tower |
| 3:48 | Guard Tower |
| 3:50 | Scout Tower |
| 3:50 | Scout Tower |
| 3:51 | Scout Tower |
| 4:09 | Scout Tower |
| 4:09 | Scout Tower |
| 4:16 | Peasant |
| 4:17 | Improved Masonry |
| 4:22 | Guard Tower |
| 4:28 | Scout Tower |
| 4:29 | Scout Tower |
| 4:36 | Staff of Teleportation |
| 4:42 | Boots of Speed |
| 4:55 | Brilliance Aura |
| 5:07 | Guard Tower |
| 5:08 | Scout Tower |
| 5:08 | Scout Tower |
| 5:09 | Scout Tower |
| 5:11 | Healing Salve |
| 5:18 | Scout Tower |
| 5:24 | Keep |
| 5:26 | Farm |
| 5:26 | Farm |
| 6:11 | Guard Tower |
| 6:12 | Scout Tower |
| 6:13 | Scout Tower |
| 6:14 | Scout Tower |
| 6:18 | Scout Tower |
| 6:19 | Scout Tower |
| 6:19 | Scout Tower |
| 6:20 | Scout Tower |
| 6:21 | Scout Tower |
| 6:21 | Scout Tower |
| 6:32 | Guard Tower |
| 6:36 | Arcane Tower |
| 6:58 | Arcane Vault |
| 7:00 | Arcane Vault |
| 7:13 | Guard Tower |
| 7:13 | Arcane Tower |
| 8:02 | Arcane Tower |
| 8:04 | Scout Tower |
| 8:07 | Scout Tower |
| 8:16 | Scout Tower |
| 8:21 | Arcane Sanctum |
| 8:35 | Scout Tower |
| 8:36 | Scout Tower |
| 8:36 | Scout Tower |
| 8:37 | Scout Tower |
| 9:01 | Storm Bolt |
| 9:07 | Guard Tower |
| 9:07 | Guard Tower |
| 9:08 | Advanced Masonry |
| 9:20 | Scout Tower |
| 9:21 | Scout Tower |
| 9:21 | Scout Tower |
| 9:22 | Scout Tower |
| 9:22 | Scout Tower |
| 9:23 | Scout Tower |
| 9:39 | Boots of Speed |
| 9:39 | Staff of Teleportation |
| 9:52 | Staff of Teleportation |
| 9:59 | Guard Tower |
| 10:06 | Scout Tower |
| 10:18 | Castle |
| 10:20 | Healing Salve |
| 10:28 | Scout Tower |
| 10:30 | Orb of Lightning |
| 10:34 | Guard Tower |
| 10:35 | Guard Tower |
| 10:36 | Scout Tower |
| 10:36 | Scout Tower |
| 10:37 | Scout Tower |
| 10:38 | Scout Tower |
| 10:38 | Scout Tower |
| 10:39 | Scout Tower |
| 10:41 | Scout Tower |
| 10:42 | Scout Tower |
| 10:43 | Scout Tower |
| 10:52 | Guard Tower |
| 10:53 | Guard Tower |
| 10:58 | Scout Tower |
| 10:59 | Scout Tower |
| 11:00 | Scout Tower |
| 11:01 | Scout Tower |
| 11:01 | Scout Tower |
| 11:07 | Guard Tower |
| 11:10 | Guard Tower |
| 11:13 | Scout Tower |
| 11:13 | Scout Tower |
| 11:14 | Scout Tower |
| 11:14 | Scout Tower |
| 11:15 | Scout Tower |
| 11:28 | Farm |
| 11:31 | Farm |
| 11:49 | Arcane Tower |
| 11:49 | Guard Tower |
| 12:39 | Guard Tower |
| 12:42 | Scout Tower |
| 12:43 | Scout Tower |
| 12:43 | Scout Tower |
| 12:48 | Magic Sentry |
| 12:48 | Priest |
| 12:49 | Priest |
| 13:22 | Guard Tower |
| 13:22 | Guard Tower |
| 13:24 | Blizzard |
| 13:27 | Guard Tower |
| 13:31 | Guard Tower |
| 13:31 | Guard Tower |
| 13:48 | Staff of Sanctuary |
| 13:53 | Guard Tower |
| 14:01 | Holy Light |
| 14:14 | Scout Tower |
| 14:14 | Scout Tower |
| 14:15 | Scout Tower |
| 14:15 | Scout Tower |
| 14:17 | Scout Tower |
| 14:18 | Scout Tower |
| 14:18 | Scout Tower |
| 14:19 | Scout Tower |
| 14:42 | Boots of Speed |
| 14:51 | Scout Tower |
| 14:51 | Scout Tower |
| 14:52 | Guard Tower |
| 15:08 | Healing Salve |
| 15:32 | Staff of Teleportation |
| 15:53 | Periapt of Vitality |
| 15:53 | Circlet of Nobility |
| 16:18 | Guard Tower |
| 16:19 | Scout Tower |
| 16:20 | Scout Tower |
| 16:21 | Scout Tower |
| 16:25 | Scout Tower |
| 16:26 | Scout Tower |
| 16:26 | Scout Tower |
| 16:28 | Guard Tower |
| 16:31 | Scout Tower |
| 16:31 | Scout Tower |
| 16:32 | Scout Tower |
| 16:33 | Scout Tower |
| 16:46 | Orb of Lightning |
| 17:14 | Guard Tower |
| 17:14 | Guard Tower |
| 17:31 | Bash |
| 18:01 | Staff of Sanctuary |
| 18:03 | Potion of Healing |
| 18:07 | Potion of Healing |
| 18:13 | Potion of Healing |
| 18:18 | Scout Tower |
| 18:18 | Scout Tower |
| 18:19 | Scout Tower |
| 18:19 | Scout Tower |
| 18:19 | Scout Tower |
| 18:20 | Scout Tower |
| 18:20 | Scout Tower |
| 18:21 | Scout Tower |
| 18:21 | Scout Tower |
| 18:22 | Scout Tower |
| 18:22 | Scout Tower |
| 18:22 | Scout Tower |
| 19:23 | Guard Tower |
| 19:34 | Guard Tower |
| 19:36 | Scout Tower |
| 19:37 | Scout Tower |
| 19:37 | Scout Tower |
| 19:43 | Guard Tower |
| 19:46 | Scout Tower |
| 19:47 | Scout Tower |
| 19:47 | Scout Tower |
| 20:06 | Staff of Sanctuary |
| 20:16 | Lesser Clarity Potion |
| 20:20 | Guard Tower |
| 20:20 | Guard Tower |
| 20:30 | Scout Tower |
| 20:31 | Scout Tower |
| 20:32 | Scout Tower |
| 20:54 | Guard Tower |
| 21:07 | Imbued Masonry |
| 21:12 | Guard Tower |
| 21:27 | Guard Tower |
| 22:19 | Scout Tower |
| 22:20 | Scout Tower |
| 22:21 | Scout Tower |
| 22:21 | Scout Tower |
| 22:22 | Scout Tower |
| 22:22 | Scout Tower |
| 22:22 | Scout Tower |
| 22:23 | Scout Tower |
| 22:24 | Scout Tower |
| 22:24 | Scout Tower |
| 22:25 | Scout Tower |
| 22:25 | Scout Tower |
| 22:26 | Scout Tower |
| 22:26 | Scout Tower |
| 22:27 | Scout Tower |
| 22:55 | Guard Tower |
| 23:02 | Guard Tower |
| 23:27 | Divine Shield |
| 23:28 | Guard Tower |
| 23:56 | Storm Bolt |
| Right click | 1904 |
| Select | 778 |
| Select group | 256 |
| Build/train/purchase | 185 |
| Use ability | 80 |
| Chat | 25 |
| Assign group | 14 |
| Minimap ping | 12 |
| Misc. action | 6 |
| Item give/drop | 6 |
IcebergSlim
(24:07) : 

| Healing Salve | 1 | 100 |
| Orb of Lightning | 2 | 750 |
| Boots of Speed | 2 | 500 |
| Staff of Teleportation | 2 | 300 |
| Staff of Sanctuary | 2 | 500 |
| total: | 9 | 2150g |
| Peon | 14 | 1050 | / | 0 |
| Troll Batrider | 4 | 640 | / | 160 |
| total: | 18 | 1690g | / | 160w |
| Watch Tower | 1 | 110 | / | 80 |
| Altar of Storms | 1 | 180 | / | 50 |
| Orc Burrow | 4 | 640 | / | 160 |
| War Mill | 1 | 205 | / | 0 |
| Voodoo Lounge | 3 | 390 | / | 90 |
| Beastiary | 2 | 290 | / | 280 |
| Stronghold | 1 | 315 | / | 190 |
| Fortress | 1 | 325 | / | 190 |
| total: | 12 | 1815g | / | 660w |
| 0:03 | Peon |
| 0:03 | Peon |
| 0:07 | Altar of Storms |
| 0:19 | Orc Burrow |
| 0:24 | Peon |
| 0:37 | War Mill |
| 0:47 | Peon |
| 0:54 | Peon |
| 1:04 | Peon |
| 1:18 | Voodoo Lounge |
| 1:26 | Peon |
| 1:40 | Peon |
| 1:51 | Peon |
| 1:51 | Peon |
| 2:11 | Voodoo Lounge |
| 2:14 | Voodoo Lounge |
| 2:17 | Shockwave |
| 2:24 | Orc Burrow |
| 2:28 | Peon |
| 3:15 | Peon |
| 3:15 | Peon |
| 3:15 | Peon |
| 4:10 | Stronghold |
| 4:16 | Healing Salve |
| 4:41 | Boots of Speed |
| 4:41 | Staff of Teleportation |
| 5:05 | Watch Tower |
| 5:19 | Orc Burrow |
| 6:53 | Orc Burrow |
| 6:56 | Beastiary |
| 7:34 | Fortress |
| 8:02 | Beastiary |
| 8:06 | Endurance Aura |
| 8:31 | Hex |
| 8:39 | Reinforced Defenses |
| 8:39 | Spiked Barricades |
| 8:39 | Steel Ranged Weapons |
| 10:42 | Orb of Lightning |
| 10:53 | Boots of Speed |
| 10:59 | Liquid Fire |
| 11:32 | Troll Batrider |
| 12:47 | Troll Batrider |
| 12:58 | Orb of Lightning |
| 13:13 | Staff of Sanctuary |
| 15:06 | Shockwave |
| 15:40 | Staff of Sanctuary |
| 15:52 | Healing Wave |
| 20:11 | Troll Batrider |
| 20:11 | Troll Batrider |
| 22:09 | Staff of Teleportation |
| 22:54 | Healing Wave |
| Right click | 2197 |
| Select | 356 |
| Select group | 255 |
| Chat | 133 |
| Misc. action | 130 |
| Use ability | 53 |
| Resource trade | 51 |
| Build/train/purchase | 48 |
| Assign group | 11 |
| Item give/drop | 3 |
| Remove unit | 1 |
| Minimap ping | 1 |
/ 3.3k
53 buildings @ 7.2k
/ 3k

| Acolyte | 3 | 225 | / | 0 |
| Ghoul | 4 | 480 | / | 0 |
| Crypt Fiend | 10 | 2150 | / | 400 |
| Meat Wagon | 8 | 1840 | / | 400 |
| Obsidian Statue | 3 | 600 | / | 105 |
| Necromancer | 6 | 870 | / | 120 |
| total: | 34 | 6165g | / | 1025w |
| Spirit Tower | 3 | 435 | / | 120 |
| Nerubian Tower | 1 | 100 | / | 20 |
| Altar of Darkness | 1 | 180 | / | 50 |
| Ziggurat | 6 | 900 | / | 300 |
| Graveyard | 1 | 215 | / | 0 |
| Crypt | 1 | 200 | / | 50 |
| Tomb of Relics | 1 | 130 | / | 30 |
| Slaughterhouse | 2 | 280 | / | 270 |
| Temple of the Damned | 2 | 310 | / | 280 |
| Halls of the Dead | 1 | 320 | / | 210 |
| Black Citadel | 1 | 325 | / | 230 |
| total: | 14 | 2215g | / | 980w |
| 0:04 | Acolyte |
| 0:04 | Acolyte |
| 0:05 | Acolyte |
| 0:55 | Altar of Darkness |
| 0:58 | Ziggurat |
| 1:04 | Graveyard |
| 1:11 | Crypt |
| 1:18 | Ziggurat |
| 2:14 | Ghoul |
| 2:15 | Ghoul |
| 2:17 | Ghoul |
| 2:25 | Spirit Tower |
| 2:27 | Spirit Tower |
| 2:32 | Ghoul |
| 2:48 | Ziggurat |
| 3:09 | Crypt Fiend |
| 3:27 | Carrion Beetles |
| 3:34 | Crypt Fiend |
| 4:26 | Crypt Fiend |
| 4:31 | Creature Attack |
| 4:43 | Nerubian Tower |
| 4:49 | Ziggurat |
| 4:59 | Crypt Fiend |
| 5:39 | Crypt Fiend |
| 5:44 | Halls of the Dead |
| 6:34 | Spirit Tower |
| 7:06 | Creature Carapace |
| 7:43 | Crypt Fiend |
| 8:06 | Black Citadel |
| 8:08 | Web |
| 8:38 | Slaughterhouse |
| 8:40 | Crypt Fiend |
| 9:33 | Crypt Fiend |
| 9:38 | Spiked Carapace |
| 9:51 | Slaughterhouse |
| 9:54 | Meat Wagon |
| 10:00 | Ziggurat |
| 10:33 | Meat Wagon |
| 10:48 | Temple of the Damned |
| 10:55 | Temple of the Damned |
| 11:02 | Ziggurat |
| 11:11 | Tomb of Relics |
| 11:32 | Crypt Fiend |
| 11:36 | Improved Creature Attack |
| 13:27 | Meat Wagon |
| 13:29 | Obsidian Statue |
| 13:31 | Skeletal Mastery |
| 13:33 | Necromancer Adept Training |
| 13:48 | Meat Wagon |
| 13:58 | Improved Creature Carapace |
| 14:52 | Meat Wagon |
| 16:46 | Necromancer Master Training |
| 16:47 | Necromancer |
| 16:47 | Necromancer |
| 16:53 | Obsidian Statue |
| 16:55 | Meat Wagon |
| 16:56 | Meat Wagon |
| 18:39 | Obsidian Statue |
| 18:41 | Meat Wagon |
| 18:42 | Necromancer |
| 18:43 | Necromancer |
| 18:44 | Necromancer |
| 18:44 | Necromancer |
| 19:14 | Crypt Fiend |
| Right click | 687 |
| Select | 185 |
| Build/train/purchase | 61 |
| Select group | 22 |
| Assign group | 19 |
| Misc. action | 10 |
| Use ability | 1 |

| Peasant | 15 | 1125 | / | 0 |
| Footman | 9 | 1215 | / | 0 |
| Knight | 8 | 1960 | / | 480 |
| Mortar Team | 7 | 1260 | / | 490 |
| Priest | 3 | 405 | / | 30 |
| Flying Machine | 6 | 600 | / | 180 |
| total: | 48 | 6565g | / | 1180w |
| Scout Tower | 2 | 60 | / | 40 |
| Arcane Tower | 2 | 140 | / | 100 |
| Altar of Kings | 1 | 180 | / | 50 |
| Farm | 13 | 1040 | / | 260 |
| Barracks | 2 | 320 | / | 120 |
| Lumber Mill | 1 | 120 | / | 0 |
| Blacksmith | 1 | 140 | / | 60 |
| Arcane Vault | 1 | 130 | / | 30 |
| Workshop | 2 | 280 | / | 280 |
| Arcane Sanctum | 1 | 150 | / | 140 |
| Keep | 1 | 320 | / | 210 |
| Castle | 1 | 360 | / | 210 |
| total: | 24 | 2420g | / | 980w |
| 0:06 | Peasant |
| 0:06 | Peasant |
| 0:12 | Altar of Kings |
| 0:16 | Farm |
| 0:22 | Farm |
| 0:26 | Farm |
| 0:29 | Peasant |
| 0:45 | Barracks |
| 0:49 | Peasant |
| 1:00 | Peasant |
| 1:21 | Peasant |
| 1:30 | Peasant |
| 1:37 | Scout Tower |
| 1:48 | Lumber Mill |
| 1:49 | Peasant |
| 1:51 | Footman |
| 2:09 | Arcane Tower |
| 2:17 | Footman |
| 2:21 | Flame Strike |
| 2:27 | Footman |
| 2:34 | Farm |
| 2:40 | Farm |
| 2:41 | Farm |
| 3:03 | Farm |
| 3:05 | Scout Tower |
| 3:36 | Footman |
| 3:53 | Keep |
| 3:55 | Footman |
| 4:12 | Blacksmith |
| 4:14 | Arcane Tower |
| 4:54 | Footman |
| 4:59 | Barracks |
| 5:19 | Arcane Vault |
| 5:24 | Footman |
| 6:54 | Defend |
| 6:55 | Footman |
| 6:57 | Castle |
| 7:14 | Siphon Mana |
| 7:28 | Iron Plating |
| 7:28 | Iron Forged Swords |
| 7:30 | Footman |
| 7:32 | Improved Lumber Harvesting |
| 8:06 | Workshop |
| 8:13 | Arcane Sanctum |
| 9:18 | Steel Plating |
| 9:31 | Animal War Training |
| 9:32 | Sundering Blades |
| 9:33 | Knight |
| 9:39 | Farm |
| 9:42 | Farm |
| 9:43 | Farm |
| 9:54 | Mortar Team |
| 9:55 | Mortar Team |
| 10:01 | Knight |
| 10:44 | Priest Adept Training |
| 10:44 | Priest |
| 10:55 | Knight |
| 11:03 | Advanced Lumber Harvesting |
| 11:05 | Mithril Plating |
| 11:44 | Steel Forged Swords |
| 12:33 | Priest Master Training |
| 12:33 | Priest |
| 12:33 | Priest |
| 12:58 | Knight |
| 12:59 | Knight |
| 13:01 | Fragmentation Shards |
| 13:06 | Farm |
| 13:10 | Farm |
| 13:11 | Farm |
| 13:46 | Mortar Team |
| 15:19 | Knight |
| 15:19 | Knight |
| 17:16 | Mortar Team |
| 17:16 | Mortar Team |
| 17:16 | Flare |
| 17:18 | Mithril Forged Swords |
| 17:20 | Black Gunpowder |
| 17:24 | Knight |
| 17:45 | Flame Strike |
| 19:06 | Peasant |
| 19:06 | Peasant |
| 19:06 | Peasant |
| 19:06 | Peasant |
| 19:07 | Peasant |
| 19:07 | Peasant |
| 19:07 | Peasant |
| 20:58 | Flying Machine Bombs |
| 21:00 | Flak Cannons |
| 21:05 | Workshop |
| 21:09 | Refined Gunpowder |
| 21:14 | Flying Machine |
| 21:14 | Flying Machine |
| 22:20 | Mortar Team |
| 22:20 | Mortar Team |
| 22:22 | Flying Machine |
| 22:22 | Flying Machine |
| 22:24 | Flying Machine |
| 22:26 | Flying Machine |
| Right click | 943 |
| Select | 353 |
| Select group | 283 |
| Misc. action | 210 |
| Build/train/purchase | 93 |
| Assign group | 21 |
| Use ability | 13 |
| Remove unit | 7 |
| Chat | 4 |
| Item give/drop | 1 |


| Wisp | 17 | 1020 | / | 0 |
| Archer | 7 | 910 | / | 70 |
| Huntress | 2 | 390 | / | 40 |
| Glaive Thrower | 1 | 210 | / | 65 |
| Druid of the Claw | 11 | 2805 | / | 880 |
| total: | 38 | 5335g | / | 1055w |
| Ancient Protector | 2 | 270 | / | 160 |
| Altar of Elders | 1 | 180 | / | 50 |
| Moon Well | 7 | 1260 | / | 280 |
| Ancient of War | 1 | 150 | / | 60 |
| Hunter's Hall | 1 | 210 | / | 100 |
| Ancient of Lore | 3 | 465 | / | 435 |
| Tree of Ages | 1 | 320 | / | 180 |
| Tree of Eternity | 1 | 330 | / | 200 |
| total: | 15 | 2535g | / | 1085w |
| 0:04 | Wisp |
| 0:04 | Wisp |
| 0:10 | Altar of Elders |
| 0:16 | Moon Well |
| 0:19 | Wisp |
| 0:29 | Wisp |
| 0:44 | Ancient of War |
| 1:08 | Wisp |
| 1:21 | Wisp |
| 1:27 | Wisp |
| 1:40 | Wisp |
| 1:45 | Archer |
| 1:46 | Archer |
| 2:11 | Moon Well |
| 2:15 | Trueshot Aura |
| 2:45 | Wisp |
| 3:07 | Hunter's Hall |
| 3:10 | Moon Well |
| 3:11 | Wisp |
| 3:12 | Archer |
| 3:13 | Archer |
| 3:40 | Archer |
| 3:58 | Wisp |
| 3:59 | Wisp |
| 4:06 | Moon Well |
| 4:11 | Wisp |
| 4:11 | Wisp |
| 4:18 | Archer |
| 4:44 | Ancient Protector |
| 4:47 | Wisp |
| 5:10 | Tree of Ages |
| 5:22 | Archer |
| 6:13 | Huntress |
| 7:11 | Searing Arrows |
| 7:33 | Wisp |
| 7:34 | Wisp |
| 7:50 | Ancient of Lore |
| 7:54 | Ancient of Lore |
| 8:07 | Ancient of Lore |
| 8:23 | Moon Well |
| 8:27 | Tree of Eternity |
| 8:32 | Reinforced Hides |
| 8:35 | Huntress |
| 9:45 | Druid of the Claw Adept Training |
| 9:51 | Moon Well |
| 9:58 | Thorns Aura |
| 10:12 | Glaive Thrower |
| 10:13 | Druid of the Claw |
| 10:16 | Druid of the Claw |
| 10:21 | Strength of the Wild |
| 10:50 | Moon Well |
| 10:53 | Druid of the Claw Master Training |
| 11:24 | Druid of the Claw |
| 11:39 | Druid of the Claw |
| 13:45 | Druid of the Claw |
| 13:52 | Ancient Protector |
| 13:55 | Druid of the Claw |
| 15:13 | Druid of the Claw |
| 17:21 | Druid of the Claw |
| 19:54 | Druid of the Claw |
| 19:56 | Druid of the Claw |
| 20:03 | Druid of the Claw |
| Right click | 740 |
| Select | 303 |
| Chat | 91 |
| Build/train/purchase | 57 |
| Select group | 26 |
| Assign group | 24 |
| Use ability | 10 |
| Minimap ping | 7 |
| Misc. action | 6 |
⇛